 Dungeon Crawl Stone Soup version 0.30.1-3-gfc49f6343a (webtiles) character file.

Game seed: 3531823057765739664

129429 GeoRichter the Bludgeoner (level 17, -5/142 HPs)
             Began as a Formicid Hexslinger on July 23, 2023.
             Was an Elder of the Shining One.
             Constricted to death by a tentacled monstrosity (9 damage)
             ... on level 4 of the Swamp.
             The game lasted 01:10:50 (32978 turns).

GeoRichter the Bludgeoner (Formicid Hexslinger)    Turns: 32978, Time: 01:10:51

Health: -5/142     AC: 22    Str: 23    XL:     17   Next: 61%
Magic:  24/27      EV: 10    Int: 15    God:    the Shining One [****..]
Gold:   1197       SH: 18    Dex: 11    Spells: 17/18 levels left

rFire   + . .        G - +2 eveningstar (flame)
rCold   + . .        Z - +2 buckler
rNeg    + + .        N - +2 plate armour {rC+}
rPois   +            (helmet unavailable)
rElec   .            U - +1 cloak {rF+}
rCorr   .            w - +0 pair of gloves
SInv    +            (no boots)
Will    +....        O - amulet of Hulahyrr {Regen+ Str+2 Int+2 Dex-5} Stlth
                     P - +5 ring of evasion
HPRegen 1.23/turn    z - ring of poison resistance
MPRegen 0.20/turn

%: no passive effects
@: divinely shielded, glowing, constricted
A: permanent stasis, dig shafts and tunnels, antennae 3, four strong arms
a: Dig, Shaft Self, Renounce Religion, Divine Shield, Cleansing Flame


You were on level 4 of the Swamp.
You worshipped the Shining One.
The Shining One was greatly pleased with you.
You visited 5 branches of the dungeon, and saw 27 of its levels.
You also visited: Bailey and Volcano.

You collected 3932 gold pieces.
You spent 2735 gold pieces at shops.

Inventory:

Hand Weapons
 F - a +0 heavy giant spiked club
   (You took it off a two-headed ogre on level 10 of the Dungeon)
 G - a +2 eveningstar of flaming (weapon)
   (You found it in a volcano)
Missiles
 d - 4 throwing nets {!f}
 o - 12 javelins (quivered)
 C - 12 curare-tipped darts {!f}
Armour
 v - +0 swamp dragon scales
   (You took it off Maggie on level 9 of the Dungeon)
 w - a +0 pair of gloves (worn)
   (You found it on level 12 of the Dungeon)
 N - a +2 plate armour of cold resistance (worn)
   (You found it on level 1 of the Orcish Mines)
 U - a +1 cloak of fire resistance (worn)
   (You found it in a volcano)
 Z - a +2 buckler (worn)
   (You found it on level 13 of the Dungeon)
Jewellery
 j - a ring of flight
   (You found it on level 2 of the Dungeon)
 z - a ring of poison resistance (right hand)
   (You found it on level 3 of the Swamp)
 O - the amulet of Hulahyrr (around neck) {Regen+ Str+2 Int+2 Dex-5}
   (You acquired it on level 1 of the Lair of Beasts)

   [amulet of regeneration]

   Str:       It affects your strength (+2).
   Int:       It affects your intelligence (+2).
   Dex:       It affects your dexterity (-5).
   Regen:     It increases your rate of health regeneration.
 P - a +5 ring of evasion (left hand)
   (You found it on level 1 of the Lair of Beasts)
 V - a ring of resist corrosion
   (You found it on level 12 of the Dungeon)
 W - a ring of protection from fire
   (You found it on level 14 of the Dungeon)
Wands
 i - a wand of digging (4)
   (You found it on level 4 of the Swamp)
 p - a wand of quicksilver (6)
   (You found it on level 2 of the Swamp)
 r - a wand of polymorph (9)
   (You took it off Maggie on level 9 of the Dungeon)
 H - a wand of charming (28)
   (You took it off Maurice on level 8 of the Dungeon)
 M - a wand of flame (26)
   (You found it on level 4 of the Lair of Beasts)
 R - a wand of roots (16)
   (You found it on level 2 of the Lair of Beasts)
 T - a wand of mindburst (26)
   (You found it on level 3 of the Lair of Beasts)
Scrolls
 a - 4 scrolls of magic mapping
 b - 4 scrolls of poison {!r}
 c - 4 scrolls of fear
 f - 4 scrolls of enchant armour
 g - 6 scrolls of enchant weapon
 m - 5 scrolls of noise {!r}
 u - 3 scrolls of immolation {!r}
 y - 7 scrolls of amnesia
 B - 5 scrolls of vulnerability {!r}
 E - 4 scrolls of fog
 Q - 2 scrolls of silence
Potions
 h - 11 potions of curing {@q1}
 k - 6 potions of haste {@q3}
 l - 7 potions of attraction {!q}
 n - 4 potions of cancellation
 q - 5 potions of might
 s - 3 potions of flight {unknown}
 t - 2 potions of lignification {!q}
 x - 10 potions of brilliance
 A - 4 potions of mutation {!q}
 I - 2 potions of berserk rage
 J - 7 potions of resistance
 K - 5 potions of magic
 L - 2 potions of invisibility
 S - a potion of ambrosia {unknown}
Miscellaneous
 e - a lightning rod (4/4) {!a}
   (You found it on level 13 of the Dungeon)
 X - a phial of floods
   (You found it on level 11 of the Dungeon)
 Y - a condenser vane (inert)
   (You bought it in a shop on level 2 of the Orcish Mines)


   Skills:
 * Level 15.0 Fighting
 * Level 17.9 Maces & Flails
 - Level 3.4 Ranged Weapons
 - Level 8.0 Throwing
 + Level 12.8 Armour
 - Level 3.3 Dodging
 - Level 6.3 Shields
 - Level 1.1 Spellcasting
 - Level 3.6 Hexes
 - Level 13.5 Invocations
 - Level 8.0 Evocations


You had 17 spell levels left.
You knew the following spells:

 Your Spells              Type           Power      Damage    Failure   Level
a - Slow                  Hex            44%        N/A       54%         1

Your spell library contained the following spells:

 Spells                   Type           Power      Damage    Failure   Level
 Confusing Touch          Hex            11%        N/A       89%         3
 Tukima's Dance           Hex            11%        N/A       89%         3
 Freeze                   Ice            0%         1d3       96%         1
 Sandblast                Erth           0%         2d4       96%         1
 Lesser Beckoning         Tloc           0%         N/A       99%         2
 Momentum Strike          Conj/Tloc      0%         3d8       99%         2
 Passwall                 Tmut/Erth      0%         N/A       99%         2
 Inner Flame              Hex/Fire       6%         N/A       99%         3
 Portal Projectile        Hex/Tloc       12%        N/A       99%         3
 Summon Guardian Golem    Hex/Summ       6%         N/A       99%         3
 Call Canine Familiar     Summ           0%         N/A       100%        3
 Frozen Ramparts          Ice            0%         1d1       100%        3
 Hailstorm                Conj/Ice       0%         3d3       100%        3
 Ignite Poison            Fire/Tmut/Pois 0%         N/A       100%        3
 Stone Arrow              Conj/Erth      0%         3d7       100%        3
 Vampiric Draining        Necr           0%         2d6       100%        3
 Anguish                  Hex/Necr       3%         N/A       100%        4
 Animate Armour           Summ/Erth      0%         N/A       100%        4
 Cause Fear               Hex            5%         N/A       100%        4
 Ice Form                 Ice/Tmut       0%         N/A       100%        4
 Leda's Liquefaction      Hex/Erth       3%         N/A       100%        4
 Passage of Golubria      Tloc           0%         N/A       100%        4
 Sticky Flame             Conj/Fire      0%         2d3       100%        4
 Summon Ice Beast         Ice/Summ       0%         N/A       100%        4
 Blade Hands              Tmut           0%         N/A       100%        5
 Summon Mana Viper        Hex/Summ       6%         N/A       100%        5
 Yara's Violent Unravell  Hex/Tmut       3%         3d4       100%        5
 Simulacrum               Ice/Necr       0%         N/A       100%        6
 Enfeeble                 Hex            5%         N/A       100%        7
 Monstrous Menagerie      Summ           0%         N/A       100%        7
 Orb of Destruction       Conj           0%         9d5       100%        7
 Ozocubu's Refrigeration  Ice            0%         4d7       100%        7
 Spellforged Servitor     Conj/Summ      0%         N/A       100%        7
 Ignition                 Fire           0%         3d3       100%        8
 Lehudib's Crystal Spear  Conj/Erth      0%         10d2      100%        8
 Polar Vortex             Ice            0%         N/A       100%        9
 Blink                    Tloc           Unusable   N/A       N/A         2

Dungeon Overview and Level Annotations

Branches:
Dungeon (15/15) Zot: 25147  Temple (1/1) D:5 Zot: 5926    Lair (5/5) D:10 Zot: 22272
  Swamp (4/4) Lair:2 Zot: 20327  Spider (0/4) Lair:2        Slime (0/5) Lair:4
    Orc (2/2) D:12 Zot: 10339     Elf (0/3) Orc:2        Vaults (0/5) D:14
 Depths (0/4) D:15         Bailey (visited)         Volcano (visited)

Altars:
Ashenzari
Cheibriados
Dithmenos
Elyvilon
Fedhas
Gozag
Hepliaklqana
Kikubaaqudgha
Makhleb
Nemelex Xobeh
Okawaru
Qazlal
Ru
Sif Muna
Trog
Uskayaw
Vehumet
Wu Jian
Xom
Yredelemnul
Zin
The Shining One
Jiyva
Lugonu

Shops:
D:11 [   Orc:2 [![*

Annotations:
D:13 4 transporters
Lair:3 exclusion: oklob plant


Innate Abilities, Weirdness & Mutations

You cannot be hasted, slowed, berserked, paralysed or teleported.
You can dig through walls and to a lower floor.
You have a pair of large antennae on your head. (SInv)
Your four strong arms can wield two-handed weapons with a shield.


Message History

You block the five-headed hydra's attack.
The five-headed hydra bites you!
* * * LOW HITPOINT WARNING * * *
The five-headed hydra bites you but does no damage.
The five-headed hydra bites you!
* * * LOW HITPOINT WARNING * * *
You block the five-headed hydra's attack.
You block the tentacled monstrosity's attack.
The tentacled monstrosity tentacle-slaps you but does no damage. x2
The tentacled monstrosity constricts you!
* * * LOW HITPOINT WARNING * * *
You puncture the five-headed hydra! You burn the five-headed hydra.
The five-headed hydra is lightly wounded.
The swamp worm is engulfed in blazing flames.
You block the five-headed hydra's attack. x2
The five-headed hydra bites you but does no damage. x2
You block the five-headed hydra's attack.
You puncture the five-headed hydra! You burn the five-headed hydra.
The five-headed hydra is moderately wounded.
The tentacled monstrosity tentacle-slaps you but does no damage.
You block the tentacled monstrosity's attack.
The tentacled monstrosity tentacle-slaps you but does no damage.
The tentacled monstrosity constricts you!
* * * LOW HITPOINT WARNING * * *
The swamp worm is engulfed in blazing flames.
The five-headed hydra bites you!
* * * LOW HITPOINT WARNING * * *
You block the five-headed hydra's attack.
The five-headed hydra bites you but does no damage. x2
The five-headed hydra closely misses you.
You hit the five-headed hydra. You burn the five-headed hydra.
The five-headed hydra is moderately wounded.
The tentacled monstrosity tentacle-slaps you but does no damage. x3
The tentacled monstrosity constricts you!
* * * LOW HITPOINT WARNING * * *
The swamp worm is engulfed in blazing flames.
You kill the swamp worm!
You bludgeon the five-headed hydra!! You burn the five-headed hydra!
The five-headed hydra is almost dead.
The five-headed hydra bites you but does no damage.
You block the five-headed hydra's attack.
The five-headed hydra bites you but does no damage.
The five-headed hydra bites you!
* * * LOW HITPOINT WARNING * * *
You block the five-headed hydra's attack.
The tentacled monstrosity closely misses you.
You block the tentacled monstrosity's attack.
The tentacled monstrosity closely misses you.
The tentacled monstrosity constricts you!
You die...

♣♣♣♣♣.♣.~~~..~.~♣ ♣.~~.
.♣~~.......~#♣♣ ♣~#~~
~~~......(~.♣ ~~..♣♣
.~...~..~#.♣♣♣ ♣♣.♣♣
.~.~§.......≈♣ ♣♣ ♣♣
..~~..~..~.≈♣♣♣♣.≈♣ ###
.♣~..♣.♣..~≈♣♣†≈#####≈≈#
♣♣♣♣♣♣♣~..♣♣.####≈§≈~# ≈
♣......@D#.≈.~##≈≈≈D
♣~..~§§§X§...~.~....
♣..♣♣§§§##.≈≈~~≈.~≈.
♣.≈♣♣§######.~~#.#.≈
♣♣~♣♣♣. ##≈≈# ≈≈ ♣♣~ ♣.
≈.≈. {. { ♣♣ {#≈≈~~
##~≈~ .~.


You could see a tentacled monstrosity and a five-headed hydra.

Vanquished Creatures
  Rupert (D:15)
  Kirke (D:12)
  3 orc warlords
  An ironbound preserver (D:14)
  3 eleionomae
  6 bunyips
  A fire dragon (D:15)
  A shambling mangrove (Swamp:4)
  An ice dragon (D:15)
  10 hydras
  An ogre mage (D:15)
  7 alligators
  3 boulder beetles
  A ghost crab (Swamp:2)
  7 two-headed ogres
  2 tengu warriors (D:15)
  8 centaur warriors
  A hell knight (Volcano)
  Amaemon (D:8)
  2 goliath frogs
  6 swamp dragons
  2 bog bodies
  2 spriggan druids (Swamp:3)
  An orc knight (Orc:2)
  A deep elf zephyrmancer (D:15)
  A mana viper (D:10)
  3 cyclopes
  15 ugly things
  2 manticores
  5 will-o-the-wisps
  Maurice (D:8)
  2 molten gargoyles (Volcano)
  12 elephants
  6 black mambas
  4 cane toads
  Maggie (D:9)
  A torpor snail (Lair:5)
  An orange demon (D:8)
  A gargoyle (D:14)
  6 rime drakes
  3 kobold demonologists (D:10)
  A yaktaur (D:15)
  An efreet (D:15)
  10 komodo dragons
  3 meliai (D:14)
  6 trolls
  9 polar bears (Lair:5)
  5 tyrant leeches
  A raiju (Lair:5)
  Prince Ribbit (D:9)
  11 hornets
  A wolf spider simulacrum (D:14)
  29 blink frogs
  8 dream sheep
  Sigmund (D:2)
  A vampire (D:12)
  A shadow (D:11)
  7 wraiths
  10 spriggans
  4 wyverns
  5 hogs (D:12)
  9 fire bats
  A basilisk (shapeshifter) (D:13)
  14 yaks
  5 steam dragons
  4 vampire mosquitoes
  6 basilisks
  7 wargs
  Menkaure (D:5)
  An acid dragon (D:11)
  16 swamp worms
  Duvessa (D:6)
  12 water moccasins
  3 ice beasts
  12 hell hounds (Lair:5)
  3 swamp drakes
  45 orc warriors
  A sky beast (D:6)
  14 black bears
  9 ogres
  26 wolves
  28 centaurs
  4 kobold brigands
  2 gnoll sergeants
  11 bullfrogs
  2 scorpions
  Dowan (D:6)
  9 wights (D:8)
  13 killer bees
  A howler monkey (D:12)
  An electric eel (Lair:1)
  6 lava snakes (Volcano)
  3 hounds
  15 orc priests
  A gnoll bouda (D:10)
  6 jellies
  A sleepcap (D:5)
  7 iguanas
  Natasha (thrice) (D:2)
  31 orc wizards
  5 hell rats
  21 gnolls
  5 adders
  A river rat (D:10)
  2 white imps (D:7)
  3 worms
  5 dart slugs
  97 orcs
  10 ball pythons
  3 bats
  7 endoplasms
  5 giant cockroaches
  7 goblins
  8 hobgoblins
  2 jackals (D:2)
  12 kobolds
  2 quokkas
  4 rats
786 creatures vanquished.

Vanquished Creatures (collateral kills)
  A thorn hunter (Swamp:4)
  An eleionoma (Swamp:4)
2 creatures vanquished.

Vanquished Creatures (others)
  Josephine (Lair:3)
  A death yak (D:10)
  3 elephants
  A kobold demonologist (D:12)
  6 bloated husks
  A hornet (Swamp:1)
  A slime creature (Lair:4)
  A spriggan (Swamp:1)
  A swamp worm (Swamp:4)
  A hell hound (Lair:5)
  An orc warrior (Orc:1)
  A wolf (Lair:2)
  2 orc priests (D:12)
  A jelly (Lair:4)
  An iguana (Lair:5)
  11 orcs
  36 foxfires
70 creatures vanquished.

Grand Total: 858 creatures vanquished

Notes
Turn   | Place    | Note
-------+----------+-------------------------------------------
     0 | D:1      | GeoRichter the Formicid Hexslinger began the quest for the
                  | Orb.
     0 | D:1      | Reached XP level 1. HP: 15/15 MP: 2/2
    55 | D:1      | Reached XP level 2. HP: 11/21 MP: 3/3
   448 | D:1      | Reached XP level 3. HP: 27/27 MP: 4/4
  1145 | D:2      | Identified the +7 whip "Witioch" {flame, Dex+4}
  1158 | D:2      | Reached XP level 4. HP: 29/33 MP: 5/5
  1234 | D:2      | Noticed Natasha
  1241 | D:2      | Killed Natasha
  1242 | D:2      | Reached skill level 1 in Maces & Flails
  1258 | D:2      | Noticed Natasha
  1259 | D:2      | Found a faded altar of an unknown god.
  1264 | D:2      | Killed Natasha
  1265 | D:2      | Reached skill level 2 in Maces & Flails
  1265 | D:2      | Reached XP level 5. HP: 39/39 MP: 6/6
  1359 | D:2      | Noticed Sigmund
  1373 | D:2      | Killed Sigmund
  1374 | D:2      | Reached skill level 4 in Maces & Flails
  1374 | D:2      | Reached XP level 6. HP: 25/46 MP: 7/7
  1534 | D:2      | Found a burning altar of Makhleb.
  1554 | D:2      | You are sucked into a shaft and drop 2 floors!
  1576 | D:4      | Reached skill level 5 in Maces & Flails
  1653 | D:4      | Found a white marble altar of Elyvilon.
  1659 | D:4      | Became a worshipper of Elyvilon the Healer
  1800 | D:3      | Reached XP level 7. HP: 34/51 MP: 8/8
  1908 | D:3      | Found a shimmering altar of Xom.
  2643 | D:2      | Noticed Natasha
  2651 | D:2      | Killed Natasha
  2652 | D:2      | Reached skill level 6 in Maces & Flails
  2773 | D:4      | Reached * piety under Elyvilon
  3512 | D:5      | Entered Level 5 of the Dungeon
  3696 | D:5      | Reached ** piety under Elyvilon
  3729 | D:5      | Found a shadowy altar of Dithmenos.
  3730 | D:5      | Found a broken altar of Ashenzari.
  3759 | D:5      | Reached skill level 7 in Maces & Flails
  3877 | D:5      | Noticed Menkaure
  3913 | D:5      | HP: 2/51 [orc priest/divine providence (11)]
  4194 | D:4      | Reached XP level 8. HP: 31/57 MP: 9/9
  4485 | D:4      | Reached skill level 1 in Invocations
  4544 | D:6      | Noticed Duvessa
  4564 | D:6      | Killed Duvessa
  4621 | D:6      | Noticed Dowan
  4634 | D:6      | Killed Dowan
  4798 | D:6      | Found a radiant altar of Vehumet.
  4838 | D:6      | Reached skill level 8 in Maces & Flails
  4915 | D:6      | Found an ancient bone altar of Kikubaaqudgha.
  5179 | D:6      | Found a sacrificial altar of Ru.
  5274 | D:6      | Reached XP level 9. HP: 65/65 MP: 11/11
  5416 | D:6      | Found a faded altar of an unknown god.
  5416 | D:6      | Found a faded altar of an unknown god.
  5424 | D:6      | Found a hazy altar of Hepliaklqana.
  5666 | D:5      | Found a staircase to the Ecumenical Temple.
  5671 | Temple   | Entered the Ecumenical Temple
  5781 | D:5      | Reached skill level 9 in Maces & Flails
  5925 | D:5      | Found an opulent altar of Gozag.
  5970 | D:5      | Killed Menkaure
  5971 | D:5      | Reached skill level 5 in Fighting
  6328 | D:7      | Reached skill level 5 in Invocations
  6512 | D:7      | Reached *** piety under Elyvilon
  6666 | D:7      | Found a basalt altar of Yredelemnul.
  7102 | D:8      | Noticed Maurice
  7117 | D:8      | Killed Maurice
  7118 | D:8      | Reached skill level 10 in Maces & Flails
  7157 | D:8      | Reached XP level 10. HP: 75/76 MP: 14/14
  7276 | D:8      | Noticed an orange demon
  7321 | D:8      | Killed an orange demon
  7395 | D:8      | Noticed Amaemon
  7411 | D:8      | Killed Amaemon
  7412 | D:8      | Reached skill level 11 in Maces & Flails
  7477 | D:8      | Noticed Psyche
  7481 | D:8      | Pacified Psyche
  8313 | D:8      | Noticed Joseph
  8604 | D:8      | Pacified Joseph
  8867 | D:9      | Reached XP level 11. HP: 76/85 MP: 16/16
  9114 | D:9      | Noticed Maggie
  9173 | D:9      | Killed Maggie
  9174 | D:9      | Reached skill level 12 in Maces & Flails
  9174 | D:9      | Reached skill level 1 in Armour
  9174 | D:9      | Reached skill level 1 in Shields
  9174 | D:9      | Reached skill level 1 in Evocations
  9710 | D:9      | Noticed Prince Ribbit
  9718 | D:9      | Killed Prince Ribbit
  9752 | D:9      | Noticed a brown ugly thing
  9771 | D:9      | Killed a brown ugly thing
 10172 | D:10     | Entered Level 10 of the Dungeon
 10209 | D:10     | Found a flagged portal.
 10273 | Bailey   | Entered a bailey
 10844 | Bailey   | Acquired 994 gold pieces
 10882 | D:10     | Found a burning altar of Makhleb.
 10899 | D:10     | Noticed a death yak
 10899 | D:10     | Noticed a death yak
 10899 | D:10     | Noticed a two-headed ogre
 10899 | D:10     | Noticed a death yak
 11019 | D:10     | You are sucked into a shaft and drop 3 floors!
 11538 | D:13     | Found a gate leading to a gauntlet.
 11632 | D:13     | Noticed a fire crab
 11644 | D:13     | Pacified a fire crab
 11863 | D:13     | Found a transporter.
 11864 | D:13     | Found an ornate altar of the Wu Jian Council.
 12552 | D:10     | Reached **** piety under Elyvilon
 12662 | D:10     | Found a staircase to the Lair.
 12714 | D:10     | Killed a two-headed ogre
 12715 | D:10     | Reached skill level 13 in Maces & Flails
 12796 | D:10     | Found a corrupted altar of Lugonu.
 12807 | D:10     | Pacified a death yak
 12808 | D:10     | Reached XP level 12. HP: 52/95 MP: 15/18
 12812 | D:10     | Killed a death yak
 12815 | D:10     | Pacified a death yak
 12823 | D:10     | Pacified a death yak
 13120 | D:10     | Reached skill level 5 in Armour
 13324 | D:10     | Found an ornate altar of the Wu Jian Council.
 13461 | Lair:1   | Entered Level 1 of the Lair of Beasts
 13461 | Lair:1   | Noticed Urug
 13463 | Lair:1   | Urug changed into Urug the mana viper
 13463 | Lair:1   | Noticed Urug
 13483 | D:10     | Killed Urug the mana viper
 14070 | Lair:1   | Reached skill level 14 in Maces & Flails
 14163 | Lair:1   | Acquired the amulet of Hulahyrr {Regen+ Str+2 Int+2 Dex-5}
 14592 | Lair:1   | Reached ***** piety under Elyvilon
 14875 | Lair:2   | Noticed a skyshark
 14881 | Lair:2   | Pacified a skyshark
 14882 | Lair:2   | Reached skill level 10 in Fighting
 14886 | Lair:2   | Noticed a six-headed hydra
 14888 | Lair:2   | Pacified a six-headed hydra
 15011 | Lair:2   | Noticed a seven-headed hydra
 15012 | Lair:2   | Pacified a seven-headed hydra
 15027 | Lair:2   | Noticed a seven-headed hydra
 15035 | Lair:2   | Pacified a seven-headed hydra
 15036 | Lair:2   | Reached XP level 13. HP: 72/104 MP: 16/19
 15218 | Lair:2   | Found a hole to the Spider Nest.
 15661 | Lair:2   | Found a staircase to the Swamp.
 16010 | Lair:3   | Reached skill level 15 in Maces & Flails
 16069 | Lair:3   | Reached skill level 1 in Throwing
 16170 | Lair:3   | Noticed a five-headed hydra
 16171 | Lair:3   | Pacified a five-headed hydra
 16276 | Lair:3   | Noticed Josephine
 16295 | Lair:3   | Pacified Josephine
 16322 | Lair:3   | Killed Josephine
 17639 | Lair:4   | Reached skill level 10 in Invocations
 17739 | Lair:4   | Reached XP level 14. HP: 43/113 MP: 14/21
 18100 | Lair:4   | Found a staircase to the Slime Pits.
 18100 | Lair:4   | Found a viscous altar of Jiyva.
 18436 | Lair:5   | Entered Level 5 of the Lair of Beasts
 18715 | Lair:5   | Reached skill level 16 in Maces & Flails
 19659 | Lair:5   | Reached skill level 5 in Throwing
 20713 | Lair:5   | Reached XP level 15. HP: 92/121 MP: 23/23
 20778 | Lair:5   | Identified the ring of the Empire {Int+3 Dex+3 SInv}
 21527 | D:11     | Found Vobur's Superior Scales.
 21539 | D:11     | Reached skill level 17 in Maces & Flails
 21544 | D:11     | Bought the +0 scale mail "Pocast" {rN+++ Regen+ MP+9 Int-2}
                  | for 840 gold pieces
 21991 | D:12     | Noticed Kirke
 22031 | D:12     | Killed Kirke
 22081 | D:12     | Found a staircase to the Orcish Mines.
 22637 | D:12     | Reached skill level 10 in Armour
 22793 | Orc:1    | Entered Level 1 of the Orcish Mines
 22793 | Orc:1    | Noticed an orc warlord
 22861 | D:12     | HP: 6/122 [orc warlord/+2 heavy battleaxe (13)]
 22953 | D:12     | Killed an orc warlord
 23267 | Orc:2    | Entered Level 2 of the Orcish Mines
 23425 | Orc:2    | Reached skill level 5 in Shields
 23640 | Orc:2    | Found a dark tunnel.
 23649 | Volcano  | Entered a volcano
 23858 | Volcano  | Found a burning altar of Makhleb.
 24516 | Orc:2    | Found Zeozar's Armour Shop.
 24516 | Orc:2    | Found Zaxtotru's Distillery.
 24517 | Orc:2    | Noticed an orc warlord
 24538 | Orc:2    | Killed an orc warlord
 24553 | Orc:2    | Found Girphi Koeno's Antique Armour Shoppe.
 24555 | Orc:2    | Found Ojir's Assorted Antiques.
 24577 | Orc:2    | Bought 2 potions of mutation for 224 gold pieces
 24577 | Orc:2    | Bought a potion of invisibility for 112 gold pieces
 24577 | Orc:2    | Bought a potion of heal wounds for 70 gold pieces
 24577 | Orc:2    | Bought a potion of heal wounds for 70 gold pieces
 24577 | Orc:2    | Bought 2 potions of mutation for 224 gold pieces
 24577 | Orc:2    | Bought a potion of heal wounds for 70 gold pieces
 24584 | Orc:2    | Bought a condenser vane for 1000 gold pieces
 24584 | Orc:2    | Bought a potion of heal wounds for 125 gold pieces
 24708 | Orc:2    | Found a staircase to the Elven Halls.
 24753 | Orc:1    | Noticed an orc warlord
 24831 | Orc:2    | Killed an orc warlord
 25261 | D:13     | Found a transporter.
 25261 | D:13     | Found an ornate altar of the Wu Jian Council.
 25261 | D:13     | Noticed a vault warden
 25280 | D:13     | Found a transporter.
 25870 | D:13     | Found a transporter.
 26214 | D:14     | Reached XP level 16. HP: 88/131 MP: 25/25
 26804 | D:14     | Identified the +4 flail of Enukk {flame, Str+3}
 26876 | D:14     | Found a gate to the Vaults.
 27356 | D:15     | Entered Level 15 of the Dungeon
 27519 | D:15     | Reached skill level 5 in Evocations
 27925 | D:15     | Found a staircase to the Depths.
 28039 | D:15     | Noticed Rupert
 28261 | Temple   | Fell from the grace of Elyvilon
 28261 | Temple   | Became a worshipper of the Shining One
 28261 | Temple   | Reached * piety under the Shining One
 28261 | Temple   | Reached ** piety under the Shining One
 28775 | D:15     | Killed Rupert
 29315 | Swamp:1  | Entered Level 1 of the Swamp
 29633 | Swamp:1  | Reached *** piety under the Shining One
 30629 | Swamp:2  | Reached XP level 17. HP: 72/139 MP: 27/27
 30853 | Swamp:2  | Identified the +0 chain mail of Bitterness {rElec SInv}
 31795 | Swamp:3  | Reached **** piety under the Shining One
 32440 | Swamp:4  | Entered Level 4 of the Swamp
 32703 | Swamp:4  | Noticed a thorn hunter
 32732 | Swamp:4  | Killed a thorn hunter
 32847 | Swamp:4  | Identified the +6 hand axe "Yterungo" {flame, rF+ rN+ MP+9}
 32960 | Swamp:4  | Noticed a tentacled monstrosity
 32971 | Swamp:4  | Reached skill level 15 in Fighting
 32978 | Swamp:4  | HP: 4/142 [five-headed hydra (9)]
 32978 | Swamp:4  | Constricted to death by a tentacled monstrosity

Illustrated notes

Levels and vault maps discovered:
D:1:      dpeg_arrival_stonehenge_8_columns, layout_basic,
          minmay_misc_feat_doors
D:2:      layout_loops_ring, basic_altar, ebering_ecumenical_altar_petrified,
          uniq_natasha, uniq_sigmund
D:3:      layout_basic, dk_xom_monty_hall
D:4:      layout_basic, nicolae_elyvilon_peaceful_grove,
          hangedman_decor_opposing
D:5:      layout_cave_pools, mainiacjoe_overflow_cross_hatched,
          nicolae_gozag_cash_rules_everything_around_me, ashenzari_altar_1,
          temple_doors_e, uniq_menkaure
D:6:      layout_basic, mainiacjoe_overflow_surrounded_room,
          nicolae_hepliaklqana_ecumenical_no_more, nicolae_vehumet_radiance,
          nicolae_ru_the_path_less_chosen, uniq_duvessa
D:7:      layout_cave_pods, mainiacjoe_overflow_alcove_1
D:8:      layout_loops_ring, uniq_psyche, uniq_amaemon, uniq_joseph,
          uniq_maurice
D:9:      layout_gridville, uniq_prince_ribbit1, uniq_maggie
D:10:     kennysheep_kobold_lugonu_temple, layout_layer_cave,
          mainiacjoe_overflow_small_starburst, nicolae_wu_jian_glorious_leap,
          dpeg_lair_monsters, enter_bailey_4, hangedman_abyss_or_decor_passed
D:11:     layout_gridville, hellmonk_scale_shop
D:12:     layout_roguey, hiddenorc2_lemuel, uniq_kirke
D:13:     dreamdust_wu_jian_sword_trials, layout_basic, gauntlet_entry_generic
D:14:     layout_irregular_city, skrybe_vaults_entry_preservation,
          chequers_serial_rivers_micro_c
D:15:     grunt_enter_depths_hoard, layout_basic, chequers_serial_rivers_room_a,
          uniq_rupert
Temple:   eino_temple_lava
Lair:1:   layout_regular_city, serial_bayou_lake_a, uniq_urug
Lair:2:   layout_cellular_growth, palyth_hydra_swamp_entry, dummy_spider_entry
Lair:3:   layout_hall_layers, patterned_corridor, grunt_megastairs_5,
          uniq_josephine
Lair:4:   layout_regular_city, minmay_slime_entry_pillars
Lair:5:   hangedman_lair_caniforms_friends, layout_gridlike,
          guppyfry_lair_end_dragon, lemuel_fruit_tree
Swamp:1:  layout_falls_marsh, evilmike_swamp_ruin_rubble_2,
          nicolae_swamp_super_fun_site
Swamp:2:  layout_falls_marsh, nicolae_swamp_tree_isthmus, nicolae_swamp_oxbows
Swamp:3:  layout_basic_swamp, nicolae_swamp_round_clearing
Swamp:4:  swamp_old_school, layout_basic_swamp, swamp_pool5,
          nicolae_swamp_well_well_well
Orc:1:    layout_caves
Orc:2:    st_orc_rangers, layout_caves, nicolae_volcano_entry_batcave,
          mines2_lemuel

Skill      XL: |  1  2  3  4  5  6  7  8  9 10 11 12 13 14 15 16 17 |
---------------+----------------------------------------------------+-----
Ranged Weapons | 3 |  3.4
Fighting       | 2 4 6 7 9 10 11 12 13 14 15 | 15.0
Maces & Flails | 2 4 5 7 8 10 11 13 14 15 16 17 | 17.9
Invocations    | 3 5 7 8 10 11 12 13 | 13.5
Armour         | 4 6 8 9 10 12 | 12.8
Shields        | 3 6 |  6.3
Evocations     | 4 7 8 |  8.0
Throwing       | 3 5 7 8 |  8.0
Dodging        | 3 |  3.3
Spellcasting   | |  1.1
Hexes          | |  3.6

Action                     |  1- 3 |  4- 6 |  7- 9 | 10-12 | 13-15 | 16-18 || total
---------------------------+-------+-------+-------+-------+-------+-------++-------
  Melee: Dagger            |    11 |       |       |       |       |       ||    11
         Punch             |     1 |     1 |     1 |     7 |    32 |       ||    42
         Whip              |     6 |    64 |   262 |   255 |       |       ||   587
         Flail             |       |       |       |   363 |  1242 |       ||  1605
         Unarmed           |       |       |       |     4 |       |       ||     4
         Giant spiked club |       |       |       |       |     9 |       ||     9
         Dire flail        |       |       |       |       |   445 |       ||   445
         Eveningstar       |       |       |       |       |   270 |   706 ||   976
   Fire: Sling             |    93 |       |       |       |       |       ||    93
  Throw: Javelin           |       |       |       |    19 |    15 |     2 ||    36
         Dart              |       |       |       |     5 |     3 |       ||     8
   Cast: Slow              |     2 |       |       |       |       |       ||     2
 Invoke: Heal Other        |       |       |       |    29 |    30 |       ||    59
         Heal Self         |       |       |       |     3 |     5 |       ||     8
         Divine Shield     |       |       |       |       |       |     4 ||     4
Ability: Shaft Self        |       |       |       |     1 |       |       ||     1
  Evoke: Wand              |       |       |       |    10 |     9 |       ||    19
         Condenser vane    |       |       |       |       |       |     2 ||     2
    Use: Scroll            |       |       |     6 |    10 |    14 |     5 ||    35
         Potion            |       |       |     2 |     2 |     8 |     5 ||    17
   Stab: Sleeping          |       |     2 |       |       |       |       ||     2
 Armour: Robe              |     9 |     4 |     1 |       |       |       ||    14
         Ring mail         |       |       |    12 |       |       |       ||    12
         Leather armour    |       |       |     1 |       |       |       ||     1
         Chain mail        |       |       |    47 |    44 |   219 |    35 ||   345
         Swamp dragon scal |       |       |       |    80 |   368 |   148 ||   596
         Plate armour      |       |       |       |       |   112 |   144 ||   256
         Scale mail        |       |       |       |       |    50 |       ||    50
  Dodge: Dodged            |    35 |    21 |    76 |   247 |  1587 |   390 ||  2356
  Block: Other             |     8 |    10 |    42 |   100 |       |       ||   160
         Reflection        |       |       |     2 |     8 |       |       ||    10
         Buckler           |       |       |       |       |    10 |   289 ||   299
